Get step-by-step instructions on how to execute this build order below. Start the game timer, and the build order will tick by so you can play in parallel with StarCraft on a second screen or mobile device.

Game Time

  0:00

Last Step

  N/A

Next Step

  12  0:00  SCV  

Upcoming Step

  13  0:12  SCV  

Don't want to look back and forth between 2 screens? Try out our Overwolf App, the Spawning Tool Build Advisor to get an in-game overlay with this build!

Complete Build Order

  12  0:00  SCV  
  13  0:12  SCV  
  14  0:17  Supply Depot  
  14  0:24  SCV  
  15  0:38  SCV  
  15  0:39  Barracks  
  15  0:42  Refinery  
  16  0:50  SCV  
  16  0:53  Refinery  
  17  1:02  SCV  
  18  1:14  SCV  
  19  1:26  Orbital Command, Reaper  
  20  1:40  Factory  
  20  1:48  Supply Depot  
  20  1:52  SCV  
  21  1:58  Barracks Reactor  
  21  2:04  SCV  
  22  2:16  Command Center  
  22  2:17  SCV  
  23  2:23  Hellion  
  23  2:29  SCV  
  26  2:34  Reaper  
  26  2:35  Reaper  
  28  2:38  Supply Depot  
  28  2:43  SCV  
  29  2:45  Hellion  
  31  2:53  Starport  
  31  2:59  SCV  
  32  3:06  Widow Mine  
  32  3:07  Marine x2  
  32  3:11  SCV  
  37  3:24  SCV  
  38  3:28  Orbital Command  
  38  3:32  Cyclone, Medivac  
  42  3:36  SCV, Marine  
  42  3:38  Marine  
  45  3:48  SCV  
  46  3:52  Supply Depot  
  46  3:54  SCV  
  47  3:56  Marine  
  47  3:57  Marine  
  47  4:02  Viking  
  52  4:06  Cyclone  
  53  4:10  Supply Depot  
  53  4:13  SCV  
  53  4:14  SCV, Marine  
  53  4:15  Marine  
  57  4:17  Supply Depot  
  57  4:25  SCV  
  57  4:26  SCV  
  59  4:32  Marine  
  59  4:33  Marine  
  59  4:37  SCV  
  62  4:38  SCV  
  62  4:41  Cyclone, Viking  
  65  4:50  Marine x2  
  67  4:53  Command Center  
  67  4:54  SCV  
  67  4:57  SCV  
  66  5:06  SCV  
  65  5:09  SCV, Barracks  
  65  5:13  Barracks  
  68  5:17  Factory Tech Lab  
  68  5:18  SCV  
  68  5:19  Viking  
  68  5:20  Marine x2  
  71  5:21  SCV  
  71  5:24  Refinery  
  71  5:25  Refinery  
  71  5:30  SCV  
  71  5:33  SCV  
  71  5:34  Supply Depot  
  73  5:41  Siege Tank  
  78  5:47  SCV  
  78  5:48  SCV  
  78  5:53  Barracks Tech Lab  
  78  5:58  Viking x2, Barracks Reactor  
  78  6:00  SCV  
  78  6:01  Barracks Tech Lab, Engineering Bay  
  84  6:08  Orbital Command  
  83  6:12  Combat Shield  
  83  6:14  Barracks  
  83  6:16  Siege Tank, Barracks  
  88  6:28  Viking x2  
  88  6:31  Missile Turret  
  90  6:34  Marine x4  
  90  6:38  Orbital Command  
  94  6:41  Missile Turret  
  96  6:48  Siege Tank, Missile Turret  
  96  6:50  Supply Depot, Terran Infantry Weapons Level 1  
  97  7:01  Marine x4  
  97  7:02  Viking x2  
  101  7:11  SCV x3  
  101  7:13  Supply Depot  
  104  7:20  Missile Turret  
  104  7:22  Siege Tank  
  107  7:23  SCV x2  
  107  7:29  SCV  
  108  7:32  Marine  
  108  7:34  Marine, Stimpack  
  108  7:36  SCV  
  108  7:37  Supply Depot, Marine  
  111  7:38  Supply Depot  
  111  7:40  SCV  
  111  7:41  SCV  
  114  7:48  SCV  
  115  7:56  SCV  
  115  7:57  Marauder  
  97  7:58  Marauder  
  97  7:59  SCV  
  97  8:04  Marine  
  97  8:05  Marine  
  92  8:06  SCV  
  92  8:08  SCV  
  92  8:09  Medivac  
  92  8:11  SCV, Medivac  
  99  8:18  SCV, Marine  
  99  8:19  Barracks Tech Lab  
  101  8:20  Barracks Reactor  
  101  8:22  Marine x2  
  101  8:23  SCV x2  
  101  8:26  Engineering Bay, Armory  
  105  8:28  Marauder  
  105  8:30  SCV  
  108  8:35  SCV x2  
  108  8:36  Marauder  
  108  8:39  Medivac  
  108  8:41  Refinery, Medivac  
  116  8:42  Refinery  
  116  8:45  Supply Depot, Marauder  
  116  8:47  Marine x2  
  120  8:48  SCV  
  120  8:49  Marauder  
  120  8:51  SCV x2  
  125  8:57  Marine  
  125  9:00  SCV  
  117  9:03  Marine x2  
  117  9:05  Marine  
  117  9:06  Marauder  
  117  9:07  Marine, Command Center  
  122  9:10  Marauder  
  122  9:13  Terran Infantry Armor Level 1  
  122  9:14  Terran Infantry Weapons Level 2  
  122  9:15  Marine  
  122  9:16  Viking  
  126  9:17  Viking  
  126  9:20  Marine, Factory Reactor  
  126  9:22  Starport  
  126  9:23  Concussive Shells  
  129  9:28  Marauder  
  129  9:31  Terran Ship Weapons Level 1  
  131  9:32  Marauder  
  131  9:35  Supply Depot  
  131  9:36  Supply Depot x2  
  136  9:41  Marauder  
  135  9:49  Marauder  
  137  9:53  Marauder  
  137  9:54  Barracks  
  137  9:55  Barracks x2  
  137  9:58  Sensor Tower  
  141  10:00  Medivac x2  
  141  10:03  SCV x3  
  141  10:07  Marauder  
  148  10:11  Marauder  
  148  10:14  Viking x2  
  154  10:15  Marauder  
  154  10:16  Supply Depot  
  154  10:18  Supply Depot  
  156  10:21  SCV x2  
  156  10:22  SCV  
  159  10:30  Marauder  
  159  10:32  Marauder  
  159  10:33  SCV  
  159  10:34  SCV x2  
  165  10:36  Marauder  
  165  10:41  Planetary Fortress  
  167  10:43  Missile Turret  
  167  10:47  Medivac x2  
  167  10:48  Barracks Tech Lab, Barracks Reactor  
  171  10:50  Barracks Tech Lab  
  171  10:52  Marine x3, Marauder  
  171  10:53  Marine, Marauder  
  179  10:57  Marauder  
  181  11:06  Supply Depot  
  181  11:07  Sensor Tower  
  181  11:08  Terran Infantry Armor Level 2  
  181  11:12  Marauder x2  
  181  11:13  Marauder  
  181  11:14  Marine x3  
  181  11:15  Marine, Marauder  
  181  11:16  Ghost Academy  
  193  11:19  Marauder  
  194  11:26  Marine x2  
  194  11:32  Marine x3  
  197  11:33  Marauder  
  199  11:41  Marine  
  198  11:48  Marauder  
  193  11:59  Medivac x2  
  193  12:00  Ghost x2  
  186  12:01  Marauder  
  186  12:02  Marine x2, Command Center, Marauder  
  186  12:04  Command Center  
  186  12:05  Marine x2  
  192  12:09  SCV x2, Marauder  
  192  12:10  SCV  
  189  12:16  SCV  
  189  12:17  Marine x2  
  189  12:19  Medivac x2  
  189  12:20  Marine  
  189  12:21  SCV x2  
  189  12:22  SCV  
  200  12:24  Terran Infantry Weapons Level 3  
  200  12:28  Unknown  
  200  12:30  Marine  
  197  12:40  Marauder  
  191  12:47  Marine x2  
  191  12:48  Marine, Marauder x2  
  168  12:52  Terran Ship Weapons Level 2  
  168  12:54  Ghost x2  
  168  12:55  Marine x3  
  175  13:02  Marauder  
  175  13:03  Factory Reactor  
  175  13:05  Marine x2  
  179  13:06  Marine  
  179  13:09  Marauder x2  
  184  13:16  Orbital Command  
  184  13:23  Marine x2, Marauder x3  
  184  13:24  Barracks x2  
  192  13:29  Viking x3  
  192  13:31  Marauder  
  185  13:53  Marauder x2  
  185  13:54  Marine x4, Marauder x2  
  184  13:55  Marine x2  
  184  13:56  Marauder  
  184  14:01  Viking x4  
  179  14:03  Widow Mine x2  
  179  14:05  Planetary Fortress  
  181  14:12  Marine x4  
  181  14:13  Marine  
  181  14:14  Marauder x2  
  181  14:15  Marauder  
  178  14:25  Marauder  
  178  14:28  Marauder  
  158  14:32  Marine x3  
  158  14:36  Marauder x2  
  158  14:38  Marine x2  
  159  14:39  Marine x2  
  159  14:41  SCV x2  
  159  14:43  Widow Mine x2  
  164  14:46  Marine  
  164  14:47  SCV x2  
  164  14:48  SCV  
  164  14:49  SCV, Marine  
  164  14:51  Marine x2  
  164  14:55  Medivac x3  
  164  14:56  Medivac  
  164  14:57  Marine, Marauder x2  
  178  15:02  Ghost  
  178  15:03  Missile Turret  
  178  15:05  Ghost  
  176  15:10  Barracks Tech Lab  
  176  15:11  Barracks Tech Lab, Ghost  
  176  15:12  Marine  
  179  15:17  Ghost  
  181  15:22  Ghost  
  181  15:25  Marine x2  
  184  15:31  Ghost  
  184  15:32  Marauder  
  184  15:33  Marauder  
  184  15:34  Marauder  
  173  15:39  Marine x2  
  173  15:40  Marauder  
  173  15:44  Marine x2  
  173  15:46  Marine  
  173  15:47  Marine, Marauder  
  179  15:50  Orbital Command  
  179  15:51  Marauder  
  179  15:53  Ghost  
  179  15:54  Ghost  
  179  15:55  Marauder  
  170  15:57  Marine x2  
  170  16:00  Marauder  
  170  16:01  Marine, Marauder  
  170  16:02  Marine  
  167  16:04  Marine x2  
  167  16:07  Viking x3  
  167  16:08  Marauder  
  177  16:13  Marauder  
  177  16:17  Marauder  
  181  16:18  Refinery  
  181  16:21  Marine x2  
  181  16:22  Marauder x2  
  181  16:23  Marauder x2  
  191  16:30  Marauder  
  191  16:31  Refinery  
  181  16:34  Marauder  
  181  16:35  Refinery  
  181  16:38  Marauder  
  169  16:44  Marine x2, Marauder x2  
  169  16:45  Marine x2  
  169  16:46  Marine, Marauder  
  169  16:47  Marine  
  168  16:50  Medivac x2  
  168  16:51  Medivac x2  
  168  16:53  Marauder x2  
  168  16:56  Marine  
  168  16:57  SCV x2  
  168  16:59  Marine  
  172  17:02  Marine x4, Widow Mine  
  172  17:03  Widow Mine  
  172  17:06  Marauder x2  
  184  17:11  Marine x2, Sensor Tower  
  184  17:12  Marauder  
  184  17:14  Marine x3  
  191  17:17  Marauder  
  193  17:25  Marine x4  
  193  17:27  Marauder  
  199  17:32  Sensor Tower  
  198  17:54  Viking  
  198  18:04  Marauder  
  177  18:07  Marauder x2  
  177  18:08  Marauder x2  
  177  18:09  Marine x2  
  177  18:11  Fusion Core, Marauder  
  187  18:14  Viking x3  
  187  18:16  Marine, Marauder  
  187  18:17  Marine  
  187  18:19  Command Center  
  197  18:26  Marauder  
  188  18:30  Marauder x2  
  188  18:34  Marauder  
  175  18:38  Marauder  
  175  18:39  Widow Mine x2  
  175  18:40  Marauder x2  
  184  18:45  Marine x2  
  184  18:47  Marauder  
  188  18:49  Marine x2  
  188  18:51  Marauder  
  188  18:54  Ghost x2  
  196  18:57  Advanced Ballistics  
  196  18:59  Liberator  
  183  19:22  Medivac  
  171  19:24  Liberator x2  
  171  19:26  Ghost x2  
  171  19:28  Marauder  
  183  19:36  Ghost x2  
  183  19:37  Marauder x2  
  191  19:42  Liberator  
  194  19:47  Marine x2  
  194  19:49  Sensor Tower  
  194  19:50  Marauder  
  198  19:56  Marauder  
  200  20:04  Starport  
  190  20:21  Hi-Sec Auto Tracking  
  190  20:25  Marauder  
  190  20:26  Marauder  
  190  20:27  Marine  
  190  20:28  Marine, Marauder  
  174  20:30  Marauder  
  162  20:37  Marine x2, Marauder  
  140  20:43  Marine  
  140  20:47  Marine, Marauder  
  133  20:54  Marine  
  133  20:55  Marine x2  
  132  21:00  Marauder